 Dungeon Crawl Stone Soup version 0.20-a0-345-gbfb25ec (webtiles) character file.

653 ololoev the Cudgeler (level 7, -5/62 HPs)
             Began as a Naga Fire Elementalist on Dec 22, 2016.
             Was an Initiate of Elyvilon.
             Killed from afar by amplicon's ghost (15 damage)
             ... with a spray of energy
             ... on level 5 of the Dungeon.
             The game lasted 00:15:25 (5127 turns).

ololoev the Cudgeler (Naga Fire Elementalist)       Turns: 5127, Time: 00:15:26

Health: -5/62      AC:  3    Str: 17    XL:     7   Next: 54%
Magic:  1/10       EV: 10    Int: 18    God:    Elyvilon [......]
Gold:   211        SH:  0    Dex: 11    Spells: 9/10 levels left

rFire  + . .     SeeInvis +     a - +0 flail
rCold  + . .     Gourm    .     C - +0 robe
rNeg   . . .     Faith    +     (no shield)
rPois  +         Spirit   .     (no helmet)
rElec  +         Reflect  .     (no cloak)
rCorr  +         Harm     .     (no gloves)
MR     +....                    (no barding)
Stlth  +.........               e - amulet of faith
                                l - ring of protection from magic
                                r - +4 ring of strength

@: confused, brilliant, resistant, very slightly contaminated, very slow
A: see invisible, deformed body, dopey 1, mutation resistance 1, poison
resistance, slowness 2, slow metabolism 1, spit poison 1, AC +2
a: Spit Poison, Renounce Religion


Innate Abilities, Weirdness & Mutations

You cannot wear boots.
Your serpentine skin is tough. (AC +2)
You have supernaturally acute eyesight. (SInv)
Armour fits poorly on your strangely shaped body.
Your system is resistant to poisons. (rPois)
You cover ground very slowly.
You have a slow metabolism.
You can spit poison.
You are dopey. (Int -2)
You are somewhat resistant to further mutation.

Inventory:

Hand Weapons
 a - a +0 flail (weapon)
Armour
 k - a +0 chain mail
 C - a +0 robe (worn)
Jewellery
 e - an amulet of faith (around neck)
 l - a ring of protection from magic (right hand)
 r - a +4 ring of strength (left hand)
Scrolls
 d - a scroll of fear {unknown}
 f - 2 scrolls of magic mapping {unknown}
 h - 4 scrolls of remove curse
 n - 2 scrolls of recharging {unknown}
 u - 3 scrolls of amnesia {unknown}
 v - 3 scrolls of identify {unknown}
 y - 3 scrolls of enchant weapon {unknown}
 z - 3 scrolls of enchant armour {unknown}
Potions
 q - a potion of haste
 x - a potion of brilliance
Comestibles
 c - 4 bread rations
 g - 3 beef jerkies
 m - a royal jelly
 p - 2 fruits
 t - a meat ration


   Skills:
 + Level 3.4 Fighting
 * Level 4.6 Maces & Flails
 + Level 2.7 Armour
 + Level 3.1 Dodging
 - Level 3.0 Stealth
 - Level 2.0 Spellcasting
 - Level 1.0 Conjurations
 - Level 3.0 Fire Magic
 * Level 0.2 Invocations


You had 9 spell levels left.
You knew the following spells:

 Your Spells              Type           Power        Failure   Level  Hunger
a - Flame Tongue          Conj/Fire      ###..        1%          1    #......


You were on level 5 of the Dungeon.
You worshipped Elyvilon.
Elyvilon was noncommittal.
You were hungry.

You visited 1 branch of the dungeon, and saw 5 of its levels.

You collected 211 gold pieces.

#.##.# ##.##.##.# ......# #.##.#
#....##.# #.>.# .....#
########.......# #...#
#.######......#.#####.# #...#
#)## #.....##.#.......#####...###
#>.# #.....##.#.#####............
##.# #.....##.#.#...†............
#.# #.....##.#.#W###............
##.###.....##.#.@..########...###
......(.......###..# ##...#..
##.##.####.=######## ####......#
##.##.####.#....#### #.........#
...##.##..###...#≈_# #...<......
.####.##.#.#.##.##.# #..........
..###.##.#..###..'.# #........##
##.......).## ####.# #.#.....##
#.......### #≈_####........##

Notes
Turn   | Place    | Note
-------+----------+-------------------------------------------
     0 | D:1      | ololoev the Naga Fire Elementalist began the quest for the Orb.
     0 | D:1      | Reached XP level 1. HP: 15/15 MP: 3/3
   351 | D:1      | Reached skill level 1 in Maces & Flails
   351 | D:1      | Reached XP level 2. HP: 24/24 MP: 5/5
   479 | D:1      | Reached skill level 1 in Fighting
   507 | D:1      | Reached skill level 1 in Armour
   507 | D:1      | Reached XP level 3. HP: 21/31 MP: 0/6
  1219 | D:2      | Reached skill level 2 in Maces & Flails
  1219 | D:2      | Reached XP level 4. HP: 26/38 MP: 2/7
  2418 | D:3      | Noticed Yermak's ghost (weakling VSWn)
  2420 | D:3      | ololoev: !lg yermak vswm place=d:3 -log
  2420 | D:3      | beem: No keyword 'vswm'
  2420 | D:3      | ololoev: !lg yermak vswn place=d:3 -log
  2420 | D:3      | beem: 5. Yermak, XL3 VSWn, T:393: http://crawl.xtahua.com/crawl/morgue/Yermak/morgue-Yermak-20161222-113159.txt
  2727 | D:4      | Reached XP level 5. HP: 45/45 MP: 6/8
  2835 | D:4      | Reached skill level 3 in Maces & Flails
  3112 | D:4      | Found an iron altar of Okawaru.
  3122 | D:4      | Reached XP level 6. HP: 35/54 MP: 2/9
  3368 | D:4      | Found a shattered altar of Ashenzari.
  3376 | D:4      | Found a shadowy altar of Dithmenos.
  3471 | D:4      | Found a bloodstained altar of Trog.
  3550 | D:4      | Reached skill level 4 in Maces & Flails
  4009 | D:4      | Reached XP level 7. HP: 4/61 MP: 1/10
  4512 | D:5      | Entered Level 5 of the Dungeon
  4533 | D:5      | Found a shadowy altar of Dithmenos.
  4583 | D:5      | Noticed amplicon's ghost (amateur KoCj)
  4868 | D:5      | Found a white marble altar of Elyvilon.
  4868 | D:5      | Found a hide-covered altar of Uskayaw.
  4871 | D:5      | Became a worshipper of Elyvilon the Healer
  5113 | D:5      | Gained mutation: You are dopey. (Int -2) [potion of mutation]
  5113 | D:5      | Gained mutation: You are somewhat resistant to further mutation. [potion of mutation]
  5127 | D:5      | Killed from afar by amplicon's ghost

Dungeon Overview and Level Annotations

Branches:
Dungeon (5/15)
 Temple: D:4-7

Altars:
Ashenzari
Dithmenos
Elyvilon
Okawaru
Trog
Uskayaw

Annotations:
D:3 Yermak's ghost, weakling VSWn
D:5 amplicon's ghost, amateur KoCj


Message History

Amplicon's ghost hits you but does no damage.
You are electrocuted!
Casting: Flame Tongue
Confirm with . or Enter, or press ? or * to list all spells.
Aiming: Flame Tongue
Press: ? - help, Shift-Dir - straight line, f/p - amplicon's ghost
Aim: amplicon's ghost, wielding a weapon of electrocution (moderately damaged)
The flame tongue hits amplicon's ghost.
Amplicon's ghost is heavily damaged.
Amplicon's ghost hits you but does no damage.
You are electrocuted!
Casting: Flame Tongue
Confirm with . or Enter, or press ? or * to list all spells.
Aiming: Flame Tongue
Press: ? - help, Shift-Dir - straight line, f/p - amplicon's ghost
Aim: amplicon's ghost, wielding a weapon of electrocution (heavily damaged)
The flame tongue hits amplicon's ghost.
Amplicon's ghost is severely damaged.
You feel less wooden.
Your +0 robe unmelds from your body.
Amplicon's ghost hits you.
You feel much better.
Your extra speed is starting to run out.
It was a potion of brilliance.
You feel clever all of a sudden. Amplicon's ghost hits you.
It was a potion of mutation.
You feel extremely strange.
You feel stupid.
You feel genetically stable. Amplicon's ghost closely misses you.
It was a potion of resistance.
You feel protected.
It was a potion of curing.
You feel better. Amplicon's ghost hits you.
Casting: Flame Tongue
Confirm with . or Enter, or press ? or * to list all spells.
Aiming: Flame Tongue
Press: ? - help, Shift-Dir - straight line, f/p - amplicon's ghost
Aim: amplicon's ghost, wielding a weapon of electrocution (severely damaged)
The flame tongue misses amplicon's ghost.
Amplicon's ghost hits you.
Casting: Flame Tongue
Confirm with . or Enter, or press ? or * to list all spells.
Aiming: Flame Tongue
Press: ? - help, Shift-Dir - straight line, f/p - amplicon's ghost
Aim: amplicon's ghost, wielding a weapon of electrocution (severely damaged)
The flame tongue hits amplicon's ghost.
Amplicon's ghost is severely damaged.
Casting: Flame Tongue
Confirm with . or Enter, or press ? or * to list all spells.
Aiming: Flame Tongue
Press: ? - help, Shift-Dir - straight line, f/p - amplicon's ghost
Aim: amplicon's ghost, wielding a weapon of electrocution (severely damaged)
The flame tongue hits amplicon's ghost.
Amplicon's ghost is almost destroyed.
Amplicon's ghost whispers, "Death doesn't hurt.
What you feel is life." Amplicon's ghost hits you.
You hit amplicon's ghost.
Amplicon's ghost is almost destroyed.
Amplicon's ghost points at you and mumbles some strange words.
The magic dart hits you!
You miss amplicon's ghost.
Amplicon's ghost is almost destroyed.
You feel yourself slow down.
You closely miss amplicon's ghost.
Amplicon's ghost is almost destroyed.
Amplicon's ghost closely misses you.
You closely miss amplicon's ghost.
Amplicon's ghost is almost destroyed.
Amplicon's ghost screams, "Don't try to defend!
You have no chance!"
Amplicon's ghost casts a spell at you. The spray of energy hits you!
You are confused.
Amplicon's ghost hits you but does no damage.
Okay, then.
Amplicon's ghost grins evilly.
You're too confused to attack without stumbling around!
You bump into the rock wall.
Amplicon's ghost hits you but does no damage.
You bump into the rock wall.
Amplicon's ghost hits you.
Amplicon's ghost gestures at you while chanting.
The spray of energy hits you!
You die...

You could see amplicon's ghost.

Vanquished Creatures
  A water moccasin zombie (D:5)
  A bullfrog zombie (D:5)
  4 hounds (D:4)
  A bullfrog skeleton (D:4)
  An iguana (D:4)
  An orc wizard (D:4)
  4 worker ants
  4 gnolls
  11 adders
  An ooze (D:1)
  2 adder skeletons (D:4)
  2 worms
  2 dart slugs
  4 leopard geckos
  12 orcs
  5 giant cockroaches
  13 goblins
  7 hobgoblins
  8 jackals
  2 quokkas
  2 ball pythons
  6 bats
  10 kobolds
  3 rats
107 creatures vanquished.

Action                   |  1- 3 |  4- 6 |  7- 9 || total
-------------------------+-------+-------+-------++-------
Melee: Mace              |       |    40 |    27 ||    67
       Hand axe          |       |     6 |       ||     6
       Flail             |       |       |    19 ||    19
 Cast: Flame Tongue      |    39 |   100 |    46 ||   185
 Abil: Spit Poison       |    26 |    51 |    13 ||    90
  Use: Potion            |       |       |     9 ||     9
       Scroll            |       |       |     1 ||     1
 Stab: Distracted        |       |     1 |       ||     1
       Sleeping          |       |     1 |       ||     1
  Eat: Chunk             |     2 |    12 |     4 ||    18
Armor: Robe              |     3 |    22 |    13 ||    38
       Skin              |       |       |    27 ||    27
Dodge: Dodged            |     8 |    75 |    48 ||   131

Vault maps used:
D:1:      dpeg_arrival_round_b, minmay_misc_feat_encased, minivault_11,
          st_stairs_3
D:3:      first_bread
D:4:      corexii_shack_village, bloody_trog, amethyst_overflow_temple_binary,
          kennysheep_okawaru_gauntlet
D:5:      slow_altar_2, gammafunk_temple_overflow_elements,
          nicolae_dithmenos_shadow_blocks
